 Dungeon Crawl Stone Soup version 0.32-a0-422-g28b100f618 (webtiles) character file.

Game seed: 15301897749854742732

851 ezpacito the Chopper (level 8, 0/91 HPs)
             Began as a Coglin Chaos Knight on Feb 22, 2024.
             Was a Plaything of Xom.
             Slain by Joseph
             ... wielding a +1 quarterstaff of speed
              (2 damage)
             ... on level 7 of the Dungeon.
             The game lasted 00:05:35 (2897 turns).

ezpacito the Chopper (Coglin Chaos Knight)          Turns: 2897, Time: 00:05:37

Health: 0/91       AC: 35    Str: 15    XL:     8   Next: 1%
Magic:  10/10      EV:  2    Int: 12    God:    Xom [*.....]
Gold:   133        SH:  0    Dex: 13    Spells: 10/10 levels left

rFire   . . .        a - +1 hand axe (chaos) {Qiang}
rCold   . . .        s - +1 falchion (protect) {Narong}
rNeg    . . .        p - melded +1 scale mail
rPois   +            e - melded +0 helmet
rElec   .            (cloak currently unavailable)
rCorr   .            (gloves currently unavailable)
SInv    .            v - melded +0 pair of boots
Will    .....        m - amulet of magic regeneration
Stlth   +            b - +4 ring of protection
HPRegen 0.35/turn    (no ring)
MPRegen 0.52/turn

%: no passive effects
@: confused, mighty, tree-form, ambrosia-drunk, under a protective aura, revved
A: stationary, stasis, torment immunity, boosted hp, off-hand wielding, slow
wielding, warmup strikes, (legs shutdown), (iridescent scales 1)
a: Renounce Religion


You were on level 7 of the Dungeon.
You worshipped Xom.
You were a special plaything of Xom.
You were a tree.
You visited 1 branch of the dungeon, and saw 5 of its levels.

You collected 159 gold pieces.
You spent 26 gold pieces at shops.

Inventory:

Hand Weapons
 a - a +1 hand axe of chaos (weapon) {Qiang}
 h - a +0 hand axe {Ran}
 s - a +1 falchion of protection (offhand) {Narong}
Missiles
 k - 6 javelins (quivered)
 o - 3 poisoned darts
Armour
 e - a +0 helmet (melded)
 p - a +1 scale mail (melded)
 v - a +0 pair of boots (melded)
Jewellery
 b - a +4 ring of protection (left branch)
 m - an amulet of magic regeneration (around neck)
Talismans
 g - a beast talisman
Wands
 j - a wand of paralysis (9)
 q - a wand of mindburst (13)
Scrolls
 c - 2 scrolls of butterflies
 d - 2 scrolls of enchant armour
 f - 2 scrolls of silence
 l - a scroll of teleportation {unknown}
 n - 2 scrolls of fog
 w - a scroll of fear
Potions
 i - 4 potions of curing


   Skills:
 * Level 4.6 Fighting
 + Level 0.9 Long Blades
 * Level 4.6 Axes
 + Level 1.3 Throwing
 * Level 3.4 Armour
 + Level 2.2 Dodging
 + Level 1.7 Stealth
 + Level 1.7 Unarmed Combat
 * Level 1.9 Spellcasting
 * Level 3.6 Evocations


You had 10 spell levels left.
You didn't know any spells.
Your spell library contained the following spells:

 Spells                   Type           Power      Damage    Failure   Level
 Slow                     Hex            4%         N/A       28%         1
 Mercury Vapours          Alch/Air       2%         N/A       38%         2
 Confusing Touch          Hex            1%         N/A       63%         3
 Mephitic Cloud           Conj/Alch/Air  1%         N/A       63%         3
 Sigil of Binding         Hex            1%         N/A       63%         3
 Vampiric Draining        Necr           1%         2d6       63%         3
 Freezing Cloud           Conj/Ice/Air   0%         6-21      100%        5


Dungeon Overview and Level Annotations

Branches:
Dungeon (7/15)
 Temple: D:4-7

Altars:
Ashenzari
Cheibriados
Hepliaklqana
Nemelex Xobeh
Qazlal
Ru
Trog
Wu Jian
Xom
Yredelemnul
Zin

Shops:
D:1 *

Annotations:
D:7 Joseph


Innate Abilities, Weirdness & Mutations

You are a tree.
Your roots penetrate the ground, keeping you stationary.
You cannot be teleported.
You are immune to unholy pain and torment.
Your maximum health is greatly increased.
Your equipment is partially melded.
You can wield a second weapon in your off-hand.
It takes a long time for you to wield or remove held weapons.
Your first few attacks do less damage.
((Attacking and casting redirects power from your legs.))
((You are partially covered in iridescent scales. (AC +2)))


Message History

The orc dies!
Joseph hits you with a +1 quarterstaff of speed!!
It was a potion of might.
You feel very mighty all of a sudden.
Joseph hits you with a +1 quarterstaff of speed!!
* * * LOW HITPOINT WARNING * * *
The ice beast hits you but does no damage.
The orc warrior hits you but does no damage.
Joseph hits the orc warrior with a +1 quarterstaff of speed!
The orc warrior dies!
You hit the ice beast with your +1 falchion of protection.
The ice beast is moderately wounded.
You hit the ice beast with your +1 hand axe of chaos.
You melt the ice beast.
You barely miss Joseph with your +1 hand axe of chaos.
Joseph hits you but does no damage.
The orc priest invokes the aid of Beogh against you.
Beogh smites you!
* * * LOW HITPOINT WARNING * * *
Joseph hits you but does no damage.
Joseph hits the ice beast with a +1 quarterstaff of speed!
The ice beast dies!
You have reached level 8!
You feel stronger.
It was a potion of ambrosia.
You are confused.
You feel invigorated.
The ice beast hits you but does no damage.
Joseph hits you but does no damage.
Joseph hits you with a +1 quarterstaff of speed.
* * * LOW HITPOINT WARNING * * *
You cannot move. (Use ctrl+direction or * direction to attack while stationary and confused.) Unknown command.
You attack the rock wall.
Joseph hits you with a +1 quarterstaff of speed!
* * * LOW HITPOINT WARNING * * *
The ice beast hits you but does no damage.
Joseph hits you with a +1 quarterstaff of speed.
You die...
Xom roars with laughter!

#.# #.# ##.## #...##
#.#.#.### #.##.....# #
##.#.#.#.# ##.##
##...##.#######@...###
..............♣)[.....
..........######Y...###
#..#######.# o....#
#..#.....#.# ..##.#
#.#$....#.# ... #
.#.._..#.# ....
.#...$.#.# .....
.#$....#.. .....#


You could see an ice beast, an orc priest and the neutral Joseph (fast, strong,
frenzied, poisoned).

Vanquished Creatures
  Sigmund (D:2)
  A scorpion (D:4)
  A bombardier beetle (D:3)
  A hound (D:7)
  A jelly (D:4)
  An orc priest (D:3)
  A sleepcap (D:4)
  Jessica (D:2)
  Terence (D:2)
  An iguana (D:4)
  4 adders
  3 ribbon worms
  4 dart slugs
  3 orcs
  9 ball pythons
  7 endoplasms
  2 giant cockroaches
  10 goblins
  7 hobgoblins
  5 jackals (D:1)
  5 kobolds
  A quokka (D:1)
  5 bats
  4 frilled lizards
  8 rats
  A spectral goblin (D:3)
88 creatures vanquished.

Vanquished Creatures (collateral kills)
  An orc warrior (D:7)
  An ice beast (D:7)
  A ribbon worm (D:2)
  An orc (D:7)
4 creatures vanquished.

Grand Total: 92 creatures vanquished

Notes
Turn   | Place    | Note
-------+----------+-------------------------------------------
     0 | D:1      | ezpacito the Coglin Chaos Knight began the quest for the
                  | Orb.
     0 | D:1      | Reached XP level 1. HP: 18/18 MP: 1/1
    65 | D:1      | Reached skill level 1 in Dodging
    65 | D:1      | Reached XP level 2. HP: 23/24 MP: 2/2
   107 | D:1      | Found a transporter.
   121 | D:1      | Found Mopnugarom's General Store.
   135 | D:1      | Reached XP level 3. HP: 29/29 MP: 3/3
   173 | D:1      | Found a transporter.
   183 | D:1      | Bought a scroll of identify for 26 gold pieces
   575 | D:1      | Reached XP level 4. HP: 35/35 MP: 4/4
  1076 | D:2      | XOM: silly message
  1130 | D:2      | XOM: cast spell 'Summon Cactus Giant'
  1181 | D:2      | Reached XP level 5. HP: 41/41 MP: 6/6
  1202 | D:2      | Noticed Sigmund
  1203 | D:2      | XOM: divination: magic mapping
  1220 | D:2      | Killed Sigmund
  1221 | D:2      | Reached skill level 1 in Stealth
  1221 | D:2      | Reached skill level 1 in Unarmed Combat
  1221 | D:2      | Reached skill level 1 in Spellcasting
  1221 | D:2      | Reached XP level 6. HP: 15/48 MP: 7/7
  1374 | D:2      | Found a faded altar of an unknown god.
  1396 | D:2      | Noticed Jessica
  1399 | D:2      | Killed Jessica
  1477 | D:2      | XOM: god gift: book of Debilitation
  1586 | D:2      | Noticed Terence
  1594 | D:2      | Killed Terence
  1870 | D:3      | XOM: god gift: 2 stones
  1949 | D:3      | XOM: god gift: scroll labelled APEOHE SETUNKA {god gift}
  1959 | D:3      | Reached skill level 1 in Throwing
  1959 | D:3      | Reached XP level 7. HP: 50/54 MP: 7/9
  1961 | D:3      | Found a stormy altar of Qazlal.
  1961 | D:3      | Found a bloodstained altar of Trog.
  1961 | D:3      | Found a shimmering altar of Xom.
  1961 | D:3      | Found a sacrificial altar of Ru.
  1961 | D:3      | Found a glowing silver altar of Zin.
  1961 | D:3      | XOM: 6-stop teleportation journey
  1978 | D:3      | Found a basalt altar of Yredelemnul.
  1998 | D:3      | Found a sparkling altar of Nemelex Xobeh.
  2181 | D:3      | Found a hazy altar of Hepliaklqana.
  2192 | D:3      | XOM: torment (28/54 hp)
  2457 | D:4      | XOM: give mutation
  2457 | D:4      | Gained mutation: You are partially covered in iridescent
                  | scales. (AC +2) [Xom's mischief]
  2575 | D:4      | XOM: chaos cloud
  2811 | D:4      | You fall into a shaft and drop 3 floors!
  2835 | D:7      | Found a broken altar of Ashenzari.
  2835 | D:7      | Found an ornate altar of the Wu Jian Council.
  2871 | D:7      | Found a snail-covered altar of Cheibriados.
  2880 | D:7      | Noticed Joseph
  2896 | D:7      | Reached XP level 8. HP: 7/61 MP: 10/10
  2897 | D:7      | HP: 2/91 [Joseph/+1 quarterstaff of speed (14)]
  2897 | D:7      | Slain by Joseph

Illustrated notes

Levels and vault maps discovered:
D:1:      dpeg_arrival_rooms_with_view, layout_loops_cross, serial_shops,
          nicolae_shop_drivethru, st_stairs_12, minivault_23,
          minmay_close_crescents
D:2:      layout_loops_ring, basic_ecumenical_altar, uniq_sigmund, uniq_terence,
          uniq_jessica
D:3:      layout_basic, nicolae_overflow_hallway_of_the_gods,
          nicolae_hepliaklqana_monster_ancestors, chequers_hall_statues_y
D:4:      layout_basic, minmay_temple_entry_trees, minmay_splitting_lines,
          minmay_crossroads
D:7:      layout_loops_corners, amcnicky_altar_gilded,
          nicolae_overflow_two_pavilions, serial_shops, shop,
          biasface_ghost_orc_armoury, uniq_joseph

Skill      XL: |  1  2  3  4  5  6  7 |
---------------+----------------------+-----
Dodging        | 1 2 |  2.2
Armour         | 2 3 |  3.4
Axes           | 4 |  4.6
Stealth        | 1 |  1.7
Unarmed Combat | 1 |  1.7
Spellcasting   | 1 |  1.9
Evocations     | 2 3 |  3.6
Fighting       | 4 |  4.6
Throwing       | 1 |  1.3
Long Blades    | |  0.9

Action                     |  1- 3 |  4- 6 |  7- 9 || total
---------------------------+-------+-------+-------++-------
  Melee: Hand axe          |    75 |   156 |    61 ||   292
         Falchion          |       |       |    24 ||    24
    Use: Scroll            |       |     2 |     5 ||     7
         Potion            |       |       |     4 ||     4
   Stab: Sleeping          |     1 |     3 |       ||     4
         Distracted        |       |     1 |       ||     1
         Paralysed         |       |     1 |       ||     1
 Armour: Leather armour    |    39 |    46 |       ||    85
         Scale mail        |       |       |    29 ||    29
         Skin              |       |       |    33 ||    33
  Dodge: Dodged            |    44 |    29 |    21 ||    94

Table legend: (Time is in decaauts)
 A = Elapsed time spent in this place.
 B = Non-inter-level travel time spent in this place.
 C = Inter-level travel time spent in this place.
 D = Time resting spent in this place.
 E = Time spent auto-exploring this place.
 F = Levels seen in this place.
 G = Mean time per level.
                   A        B        C        D        E       F      G
               +--------+--------+--------+--------+--------+-----+--------+
         Total |   2933 |   2816 |    117 |      0 |   2174 |   5 |  586.6 |
       Dungeon |   2933 |   2816 |    117 |      0 |   2174 |   5 |  586.6 |
               +--------+--------+--------+--------+--------+-----+--------+

Top non-repeatable levels by time:
     D:2: 824 daAuts
     D:1: 816 daAuts
     D:3: 681 daAuts
     D:4: 523 daAuts
     D:7: 87 daAuts
